 Dungeon Crawl Stone Soup version 0.14-a0-1686-g0e827d1 (webtiles) character file.

1593 Nicoed the Chopper (level 8, -8/70 HPs)
             Began as a Minotaur Berserker on Dec 30, 2013.
             Was a High Priest of Trog.
             Mangled by an ogre
             ... wielding a +0,+0 giant club
              (17 damage)
             ... on Level 6 of the Dungeon.
             The game lasted 00:33:56 (6351 turns).

Nicoed the Chopper (Minotaur Berserker)             Turns: 6351, Time: 00:33:56

HP  -8/70        AC  5     Str 23      XL: 8   Next: 35%
MP   3/3         EV 14     Int  4      God: Trog [*****.]
Gold 259         SH  0     Dex 11      Spells:  0 memorised,  7 levels left

rFire  . . .     SeeInvis .     A - +0,+1 orc hand axe
rCold  . . .     Clarity  .     r - +2 robe {MR+}
rNeg   . . .     Conserve +     (no shield)
rPois  .         rCorr    .     (helmet restricted)
rElec  .         rRot     .     (no cloak)
SustAb + .       Spirit   .     b - +0 pair of elf gloves
rMut   .         Warding  .     (no boots)
Saprov . . .     Stasis   .     h - amulet of conservation {unknown}
                                p - ring of sustain abilities {unknown}
                                (no ring)

@: drained, somewhat resistant to hostile enchantments, unstealthy
A: retaliatory headbutt, horns 2
a: Burn Spellbooks, Berserk, Trog's Hand, Brothers in Arms, Renounce Religion


You were on level 6 of the Dungeon.
You worshipped Trog.
Trog was extremely pleased with you.
You were not hungry.

You visited 1 branch of the dungeon, and saw 6 of its levels.

You collected 259 gold pieces.

Inventory:

Hand weapons
 A - a +0,+1 orcish hand axe (weapon)
Armour
 b - a +0 pair of elven gloves (worn)
 r - a +2 robe of magic resistance (worn)
Magical devices
 e - a wand of slowing (9) {unknown}
Comestibles
 k - 2 bread rations
 v - 2 chokos
 w - 2 apples
Scrolls
 a - a scroll of blinking {unknown}
 j - a scroll of enchant weapon II
 m - a scroll of recharging {unknown}
 n - a scroll of fog {unknown}
 q - a scroll of immolation
 s - a scroll of curse weapon {unknown}
 t - a scroll of curse armour {unknown}
 x - 2 scrolls of teleportation {unknown}
 y - a scroll of remove curse
 B - a scroll of noise {unknown}
Jewellery
 h - an amulet of conservation (around neck) {unknown}
 p - a ring of sustain abilities (right hand) {unknown}
Potions
 c - a potion of brilliance {unknown}
 d - 3 potions of restore abilities
 f - 2 potions of heal wounds
 g - a potion of agility {unknown}
 i - 3 potions of curing {unknown}
 l - a potion of poison {unknown}
 o - a potion of degeneration {unknown}
 z - a potion of lignification {unknown}


   Skills:
 + Level 5.8(5.7) Fighting
 + Level 7.4(7.3) Axes
 + Level 6.2(6.1) Armour
 + Level 6.7(6.6) Dodging
 + Level 1.2(1.1) Stealth


You had 7 spell levels left.
You didn't know any spells.

Dungeon Overview and Level Annotations

Branches:
Dungeon (6/16)
 Temple: D:4-7

Altars:
Xom

Shops:
D:3 [


Innate Abilities, Weirdness & Mutations

You reflexively headbutt those who attack you in melee.
You have a pair of horns on your head.


Message History

The centaur shoots an arrow.
The arrow hits you!
The centaur shoots an arrow.
The arrow misses you.
You see here an arrow.
The centaur shoots an arrow.
The arrow misses you.
The centaur shoots an arrow.
The arrow misses you.
You see here 2 arrows.
The centaur shoots an arrow.
The arrow misses you. The ogre hits you with a giant club!
You hit the ogre but do no damage. Your headbutt misses the ogre.
You hit the ogre.
The ogre is lightly wounded.
The ogre hits you with a giant club!
You barely miss the ogre.
The ogre is lightly wounded.
The ogre hits you with a giant club!
* * * LOW HITPOINT WARNING * * *
You hit the ogre.
The ogre is lightly wounded.
The ogre hits you with a giant club!
You die...

##....## ##(((..## ##....##
##.....## ###....## ###....#
#.....## #..... ##.....#####
###(.. #....###...## ##....
## #...##......## ##....#
#>.#...#....O...### ##.....#
#.....))...@#.....###c...###
#......)..###..c..##.....#
#.......#....#
###........### .....########
#.......## ..... ###....##
##### ######


You could see an ogre.

Vanquished Creatures
  Edmund (D:4)
  An orc warrior (D:6)
  An ice beast (D:6)
  An ogre (D:6)
  A centaur (D:5)
  Sigmund (D:3)
  A giant frog (D:6)
  A gnoll sergeant (D:6)
  3 crimson imps
  3 iguanas
  3 orc wizards
  A scorpion (D:5)
  3 hounds
  A worker ant (D:4)
  Jessica (D:2)
  A hound zombie (D:5)
  6 gnolls
  5 adders
  A giant mite (D:2)
  An inept item mimic (D:2)
  A worm (D:6)
  An adder zombie (D:5)
  A giant centipede zombie (D:6)
  2 giant eyeballs
  5 giant geckos
  3 oozes
  16 orcs
  3 ball pythons
  6 giant cockroaches
  12 hobgoblins
  15 kobolds
  3 quokkas
  9 bats
  4 giant newts
  12 goblins
  A hobgoblin skeleton (D:4)
  7 rats
138 creatures vanquished.

Notes
Turn   | Place    | Note
--------------------------------------------------------------
     0 | D:1      | Nicoed, the Minotaur Berserker, began the quest for the Orb.
     0 | D:1      | Reached XP level 1. HP: 19/19 MP: 1/1
   252 | D:1      | Reached skill level 4 in Axes
   325 | D:1      | Reached XP level 2. HP: 27/27 MP: 1/1
   633 | D:1      | Acquired Trog's second power
  1170 | D:2      | Reached XP level 3. HP: 9/33 MP: 2/2
  1186 | D:2      | HP: 1/33 [poisoned by an adder]
  1731 | D:2      | Noticed Jessica
  1753 | D:2      | Killed Jessica
  1753 | D:2      | Reached XP level 4. HP: 22/41 MP: 2/2
  2689 | D:3      | Noticed Sigmund
  2696 | D:3      | Killed Sigmund
  2696 | D:3      | Reached skill level 5 in Axes
  2696 | D:3      | Reached XP level 5. HP: 47/47 MP: 2/2
  2910 | D:3      | Found Mnastrio's Antique Armour Shoppe.
  3810 | D:4      | Reached XP level 6. HP: 42/53 MP: 3/3
  3833 | D:4      | Noticed Edmund
  3843 | D:4      | Killed Edmund
  4001 | D:4      | Reached skill level 5 in Fighting
  4312 | D:4      | Reached skill level 6 in Axes
  4312 | D:4      | Reached skill level 1 in Stealth
  4312 | D:4      | Reached XP level 7. HP: 50/61 MP: 3/3
  4349 | D:4      | Found a shimmering altar of Xom.
  4468 | D:5      | Entered Level 5 of the Dungeon
  4503 | D:5      | Reached skill level 5 in Armour
  4503 | D:5      | Reached skill level 5 in Dodging
  4583 | D:5      | Acquired Trog's third power
  5622 | D:5      | Paralysed by a giant eyeball for 2 turns
  5968 | D:6      | Reached skill level 7 in Axes
  5970 | D:6      | Reached XP level 8. HP: 51/70 MP: 3/3
  6282 | D:6      | Paralysed by a giant eyeball for 3 turns
  6289 | D:6      | Paralysed by a giant eyeball for 4 turns
  6296 | D:6      | Paralysed by a giant eyeball for 4 turns
  6351 | D:6      | Mangled by an ogre

Action                   |  1- 3 |  4- 6 |  7- 9 || total
-------------------------+-------+-------+-------++-------
Melee: Hand axe          |    89 |   142 |   158 ||   389
Invok: Berserk           |     1 |     1 |     1 ||     3
  Use: Scroll            |       |     7 |       ||     7
       Potion            |       |     2 |     3 ||     5
